cohdb
Replays
Latest Replays
All Replays
Popular Replays
Top Player Replays
Match Explorer
How It Works
Community
CoH3 Stats
Reddit
Sign in to upload your games and track your stats! →
Sign in with Steam
Match 40324876
Unlisted
Match 40324876
Overview
Messages
Build Orders
End
Kettenkrad Recon Vehicle
Construct Infanterie Kompanie
Selects Terror Battlegroup
Selects Machine Gun Camouflage
MG 42 Machine Gun Team
MG 42 Machine Gun Team
Construct Panzergrenadier Kompanie
Panzergrenadier Squad
Panzergrenadier Squad
Panzergrenadier Squad
Medical Station
Pak 40 Anti-tank Gun Team
Selects No Quarter
Pak 40 Anti-tank Gun Team
251 Medium Carrier
Selects Contempt for the Weak
Selects Propaganda Leaflet Drop
Selects V1 Rocket Strike
Pak 40 Anti-tank Gun Team
Disarmed
Unsafe
MERCENARYCORPS
Ista.
0
0
Comments
sign in to comment!
No comments posted yet!